 Dungeon Crawl Stone Soup version 0.27-a0-1299-g1ab19c6527 (webtiles) character file.

Game seed: 3961134435951021187

199 bande the Skirmisher (level 5, -4/44 HPs)
             Began as a Palentonga Fighter on June 16, 2021.
             Slain by Menkaure (7 damage)
             ... in an ossuary.
             The game lasted 00:04:26 (3676 turns).

bande the Skirmisher (Palentonga Fighter)           Turns: 3676, Time: 00:04:26

Health: -4/44      AC:  8    Str: 19    XL:     5   Next: 48%
Magic:  5/5        EV:  3    Int:  9    God:
Gold:   152        SH:  8    Dex: 10    Spells: 4/4 levels left

rFire    . . .     SeeInvis +   a - +0 war axe
rCold    . . .     Faith    .   c - +0 kite shield
rNeg     . . .     Spirit   .   j - +0 chain mail
rPois    .         Reflect  .   (no helmet)
rElec    .         Harm     .   (no cloak)
rCorr    .         Rampage  .   (no gloves)
Will     .....                  (no barding)
Stlth    ..........             (no amulet)
HPRegen  0.14/turn              (no ring)
MPRegen  0.09/turn              (no ring)

@: mighty
A: large, rugged brown scales 3, see invisible, deformed body, roll 1, armoured
tail
a: Rolling Charge


You were in an ossuary.
You visited 1 branch of the dungeon, and saw 4 of its levels.
You also visited: Ossuary.

You collected 152 gold pieces.

Inventory:

Hand Weapons
 a - a +0 war axe (weapon)
Missiles
 f - 14 atropa-tipped darts
Armour
 c - a +0 kite shield (worn)
 j - a +0 chain mail (worn)
Scrolls
 g - 4 scrolls of teleportation
 i - a scroll of identify
Potions
 d - a potion of might
 e - a potion of curing
 h - a potion of attraction {unknown}


   Skills:
 + Level 3.8 Fighting
 + Level 3.8 Axes
 + Level 3.3 Armour
 + Level 0.3 Dodging
 + Level 2.9 Shields


You had 4 spell levels left.
You didn't know any spells.
Your spell library contained the following spells:

 Spells                   Type           Power      Damage    Failure   Level
 Magic Dart               Conj           0%         1d3       100%        1
 Blink                    Tloc           N/A        N/A       100%        2
 Call Imp                 Summ           0%         N/A       100%        2
 Slow                     Hex            0%         N/A       100%        2
 Confusing Touch          Hex            0%         N/A       100%        3
 Conjure Flame            Conj/Fire      0%         6-21      100%        3
 Gell's Gravitas          Tloc           0%         N/A       100%        3
 Mephitic Cloud           Conj/Pois/Air  0%         N/A       100%        3
 Petrify                  Tmut/Erth      0%         N/A       100%        4
 Metabolic Englaciation   Hex/Ice        0%         N/A       100%        5
 Yara's Violent Unravell  Hex/Tmut       0%         3d3       100%        5


Dungeon Overview and Level Annotations

Branches:
Dungeon (4/15)            Ossuary (1/1)
 Temple: D:4-7

Altars:

Annotations:
Ossuary Menkaure


Innate Abilities, Weirdness & Mutations

You are completely covered in rugged brown scales. (AC +3, +7% HP)
You have supernaturally acute eyesight. (SInv)
Armour fits poorly on your strangely shaped body.
You can roll at nearby foes to attack.
You have a long armoured tail.


Message History

No target in view!
No target in view!
No target in view!
No target in view!
There is an open door here.
You open the door.
There is an open door here.
You open the door. 4 mummies and Menkaure come into view.
Menkaure shouts!
Menkaure casts a spell.
Menkaure seems to speed up.
The mummy moves out of view.
Found eight items.
Found a gate leading back out of this place.
There is an open door here.
There is an open door here.
Menkaure giggles, "These cerements are ticklish..."
Menkaure calls on the powers of darkness!
Your body is wracked with pain!
You hit Menkaure.
You tail-slap Menkaure, but do no damage.
Menkaure is lightly damaged.
Menkaure barely misses you. Menkaure hits you but does no damage.
The mummy hits you.
There is an open door here.
You hit Menkaure.
Menkaure is moderately damaged.
You slash the mummy! Menkaure barely misses you. You block Menkaure's attack.
You feel very mighty all of a sudden. The mummy hits you!
* * * LOW HITPOINT WARNING * * *
The mummy hits you.
* * * LOW HITPOINT WARNING * * *
Menkaure calls on the powers of darkness!
Your body is wracked with pain!
* * * LOW HITPOINT WARNING * * *
You slash Menkaure!
Menkaure is severely damaged.
You hit the mummy. x2; Menkaure hits you!
You die...

#..# #..# #..#
#..+ #..# #..#
############
#.M###...MM.M....
#..@M#....#......
#..#MM....# ..M??
#..#.#....#


M?$? #..######## $M$ #..'.'....# $! #..#.#....# ! #..#.#....# #..###....#
#..'.###### You could see Menkaure (fast) and 3 mummies.

Vanquished Creatures
  A centaur zombie (Ossuary)
  A human zombie (Ossuary)
  A howler monkey skeleton (D:3)
  4 adders (D:2)
  4 dart slugs
  An orc (D:3)
  7 ball pythons
  7 bats
  7 endoplasms
  7 giant cockroaches
  5 goblins
  4 hobgoblins
  11 jackals
  5 kobolds
  2 quokkas
  2 frilled lizards
  A hobgoblin zombie (Ossuary)
  A quokka zombie (Ossuary)
  5 rats
76 creatures vanquished.

Vanquished Creatures (others)
  A plant (D:1)
1 creature vanquished.

Grand Total: 77 creatures vanquished

Notes
Turn   | Place    | Note
-------+----------+-------------------------------------------
     0 | D:1      | bande the Palentonga Fighter began the quest for the Orb.
     0 | D:1      | Reached XP level 1. HP: 19/19 MP: 1/1
    72 | D:1      | Reached XP level 2. HP: 23/25 MP: 2/2
   412 | D:1      | Found a faded altar of an unknown god.
   603 | D:1      | Reached XP level 3. HP: 28/31 MP: 3/3
  1636 | D:2      | Reached XP level 4. HP: 15/37 MP: 4/4
  3410 | D:3      | Reached XP level 5. HP: 42/44 MP: 5/5
  3547 | D:4      | Found a sand-covered staircase.
  3557 | Ossuary  | Entered an ossuary
  3655 | Ossuary  | Noticed Menkaure
  3676 | Ossuary  | Slain by Menkaure

Illustrated notes

Levels and vault maps discovered:
D:1:      psy_arrival_wood_between_worlds, layout_basic,
          hellmonk_ecumenical_altar_lost_god, minmay_tiny_reverse_x
D:2:      layout_loops_corners, minmay_misc_feat_alley
D:3:      layout_rooms, serial_aquarium, aquarium_bridge_long_separate
          [aquarium_subvault_bridge, aquarium_subvault_bridge,
          aquarium_subvault_window, aquarium_subvault_bridge,
          aquarium_subvault_balcony, aquarium_subvault_bridge],
          aquarium_window_corridor_3, aquarium_window_double, aquarium_window_2,
          aquarium_window_corner, aquarium_view_2c, aquarium_view_2f,
          aquarium_balcony_3b, aquarium_pool_split,
          chequers_serial_rivers_micro_d
D:4:      layout_basic, grunt_temple_overflow_growth_and_decay,
          nicolae_wu_jian_wuxing_cycle, enter_ossuary_1,
          corexii_leaking_fountain
Ossuary:  ossuary_boxes_badplayer

Skill      XL: |  1  2  3  4 |
---------------+-------------+-----
Armour         | 3 |  3.3
Axes           | 3 |  3.8
Fighting       | |  3.8
Dodging        | |  0.3
Shields        | |  2.9

Action                   |  1- 3 |  4- 6 || total
-------------------------+-------+-------++-------
Melee: War axe           |    94 |    97 ||   191
       Tailslap          |     2 |    15 ||    17
  Use: Scroll            |     4 |     1 ||     5
       Potion            |     1 |     1 ||     2
Armor: Scale mail        |    63 |    38 ||   101
       Chain mail        |       |    18 ||    18
Dodge: Dodged            |    32 |    13 ||    45
Block: Kite shield       |    44 |    38 ||    82

Table legend: (Time is in decaauts)
 A = Elapsed time spent in this place.
 B = Non-inter-level travel time spent in this place.
 C = Inter-level travel time spent in this place.
 D = Time resting spent in this place.
 E = Time spent auto-exploring this place.
 F = Levels seen in this place.
 G = Mean time per level.
                   A        B        C        D        E       F      G
               +--------+--------+--------+--------+--------+-----+--------+
         Total |   3782 |   3782 |      0 |    474 |   2658 |   5 |  756.4 |
       Dungeon |   3653 |   3653 |      0 |    474 |   2582 |   4 |  913.2 |
       Ossuary |    128 |    128 |      0 |      0 |     76 |   1 |  128.0 |
               +--------+--------+--------+--------+--------+-----+--------+

Top non-repeatable levels by time:
     D:2: 1526 daAuts
     D:1: 1222 daAuts
     D:3: 892 daAuts
 Ossuary: 128 daAuts
     D:4: 11 daAuts
